 Dungeon Crawl Stone Soup version 0.29-a0-1009-g60c99734e7 (webtiles) character file.

Game seed: 4011877637187639056

197 Sobieck the Chiller (level 5, -1/39 HPs)
             Began as a Ghoul Ice Elementalist on Aug 8, 2022.
             Slain by a phantom (5 damage)
             ... on level 4 of the Dungeon.
             The game lasted 00:07:40 (2832 turns).

Sobieck the Chiller (Ghoul Ice Elementalist)        Turns: 2832, Time: 00:07:40

Health: -1/39      AC:  4    Str: 12    XL:     5   Next: 75%
Magic:  3/8        EV: 12    Int: 12    God:
Gold:   226        SH:  0    Dex:  9    Spells: 3/10 levels left

rFire   . . .      SeeInvis .   G - staff of cold {!astaff}
rCold   + + .      Faith    .   (no shield)
rNeg    + + +      Spirit   .   a - +0 robe
rPois   ∞          Reflect  .   E - +1 helmet
rElec   .          Harm     .   (no cloak)
rCorr   .          Rampage  .   (no gloves)
Will    .....                   (no boots)
Stlth   ++........              (no amulet)
HPRegen 0.00/turn               (no ring)
MPRegen 0.11/turn               (no ring)

@: inhibited regen
A: claws 1, cold resistance 1, negative energy resistance 3, inhibited
regeneration, torment resistance 2, devour on kill
a: no special abilities


You were on level 4 of the Dungeon.
You visited 1 branch of the dungeon, and saw 4 of its levels.

You collected 226 gold pieces.


Innate Abilities, Weirdness & Mutations

You are immune to poison.
You have sharp fingernails.
Your flesh is cold resistant. (rC+)
You are immune to negative energy. (rN+++)
You do not regenerate when monsters are visible.
You are immune to unholy pain and torment.
You thrive by killing the living.


   Skills:
 - Level 0.6 Fighting
 - Level 2.1 Dodging
 - Level 2.5 Stealth
 - Level 3.0 Spellcasting
 * Level 6.3 Ice Magic


You had 3 spell levels left.
You knew the following spells:

 Your Spells              Type           Power      Damage    Failure   Level
a - Freeze                Ice            100%       1d11      1%          1
b - Frozen Ramparts       Ice            50%        1d8       5%          3
c - Ozocubu's Armour      Ice            25%        N/A       5%          3

Your spell library contained the following spells:

 Spells                   Type           Power      Damage    Failure   Level
 Hailstorm                Conj/Ice       14%        3d5       54%         4

Inventory:

Hand Weapons
 b - a +0 sling
   (You found it on level 1 of the Dungeon)
 e - a +0 short sword {short}
   (You found it on level 1 of the Dungeon)
 g - a +0 short sword {short}
   (You took it off a kobold on level 1 of the Dungeon)
 h - a +0 dagger {short}
   (You took it off a goblin on level 1 of the Dungeon)
 k - a +0 club {mace}
   (You took it off a goblin on level 1 of the Dungeon)
 p - a +0 club {mace}
   (You took it off a goblin on level 1 of the Dungeon)
 q - a +0 dagger {short}
   (You found it on level 2 of the Dungeon)
 r - a +0 club {mace}
   (You took it off a goblin on level 2 of the Dungeon)
 u - a +0 whip {mace}
   (You took it off a kobold on level 2 of the Dungeon)
 w - a +0 whip {mace}
   (You found it on level 2 of the Dungeon)
 x - a +0 dagger {short}
   (You found it on level 2 of the Dungeon)
 D - a +0 club {mace}
   (You took it off a goblin on level 3 of the Dungeon)
 N - a +0 falchion of electrocution {long}
   (You took it off an orc on level 3 of the Dungeon)
Missiles
 c - 29 stones {throwing}
 s - 6 poisoned darts {throwing}
Armour
 a - a +0 robe (worn)
 i - a +0 leather armour
   (You found it on level 1 of the Dungeon)
 l - a +0 ring mail
   (You found it on level 1 of the Dungeon)
 t - a +0 leather armour
   (You found it on level 2 of the Dungeon)
 y - a +0 ring mail
   (You found it on level 2 of the Dungeon)
 B - a +0 leather armour
   (You found it on level 2 of the Dungeon)
 E - a +1 helmet (worn)
   (You found it on level 3 of the Dungeon)
 J - a +0 chain mail
   (You found it on level 3 of the Dungeon)
 M - a +0 leather armour
   (You took it off an orc priest on level 3 of the Dungeon)
 O - a +0 chain mail
   (You took it off an orc on level 3 of the Dungeon)
 P - a +0 robe
   (You took it off an orc wizard on level 3 of the Dungeon)
 Q - a +0 robe
   (You took it off an orc wizard on level 3 of the Dungeon)
 R - a +0 chain mail
   (You took it off an orc on level 3 of the Dungeon)
Magical Staves
 z - a staff of poison {!astaff}
   (You found it on level 2 of the Dungeon)
 G - a staff of cold (weapon) {!astaff}
   (You found it on level 3 of the Dungeon)
Jewellery
 o - a ring of willpower
   (You found it on level 1 of the Dungeon)
 C - the amulet of Eqapan {Spirit rN++}
   (You found it on level 2 of the Dungeon)

   [amulet of guardian spirit]

   It causes incoming damage to be divided between your reserves of health and
   magic.
   rN:        It greatly protects you from negative energy.
Scrolls
 d - 3 scrolls of teleportation {unknown}
 f - a scroll of fog {unknown}
 m - a scroll of noise {unknown}
 v - a scroll of enchant weapon {unknown}
 F - a scroll of immolation {unknown}
 H - 2 scrolls of identify {unknown}
 S - a scroll of magic mapping {unknown}
Potions
 j - a potion of curing {@q1}
 n - a potion of magic
 A - a potion of lignification {unknown}
 I - a potion of heal wounds {unknown}
 K - a potion of ambrosia
 L - a potion of invisibility
 T - a potion of haste {unknown}

Dungeon Overview and Level Annotations

Branches:
Dungeon (4/15) Zot: 21159
 Temple: D:4-7

Altars:
Uskayaw

Annotations:
D:3 exclusion: ice beast

......≈≈...≈≈#..$#####.#
......≈.≈.≈.≈##........#..#
.........≈....#..#####.#..#
.................#...#.#..#
......≈≈...≈≈.<..#.#.#.#..#
....##.≈...≈.§§..#.#.#.#..#
... #§.≈.≈......#.#...#..#
....##≈.≈.≈.≈#...#.#####..#
. #.!.≈§....≈..@.#........#
#...≈§....≈..W.#.#####..#
#...J#≈.≈.≈#....#.#...#..#
##...#≈.≈.≈#....#.#.#.#†.#
#...J#≈.≈.≈#....#.#.#)#..#
#....#≈...≈#<...#...#.#..#
.. #.._..#....#####.#..# .
#######.............#
###...........#


You could see a phantom.


Message History

Okay, then.
You see here an iguana corpse.
Found an escape hatch in the ceiling.
A phantom comes into view.
Danger!
The phantom hits you.
The phantom blinks!
You blink.
Found a fuming amethyst potion.
Found a hide-covered altar of Uskayaw.
Unknown command.
Casting: Freeze (safe; 1% risk of failure)
Confirm with . or Enter, or press ? or * to list all spells.
Aiming: Freeze (safe; 1% risk of failure)
Press: ? - help, Shift-Dir - straight line, f - phantom
Aim: a phantom (lava)
You feel a surge of power!
You freeze the phantom but do no damage.
The phantom completely resists.
The phantom hits you but does no damage.
Casting: Freeze (safe; 1% risk of failure)
Confirm with . or Enter, or press ? or * to list all spells.
Aiming: Freeze (safe; 1% risk of failure)
Press: ? - help, Shift-Dir - straight line, f/p - phantom
Aim: a phantom (lava)
You feel a surge of power!
You freeze the phantom.
The phantom resists.
The phantom hits you.
The phantom blinks!
You blink.
Casting: Freeze (safe; 1% risk of failure)
Confirm with . or Enter, or press ? or * to list all spells.
Aiming: Freeze (safe; 1% risk of failure)
Press: ? - help, Shift-Dir - straight line, f/p - phantom
Aim: a phantom (lava, lightly damaged)
You feel a surge of power!
You freeze the phantom.
The phantom resists.
The phantom hits you.
Casting: Freeze (safe; 1% risk of failure)
Confirm with . or Enter, or press ? or * to list all spells.
Aiming: Freeze (safe; 1% risk of failure)
Press: ? - help, Shift-Dir - straight line, f/p - phantom
Aim: a phantom (lava, lightly damaged)
You feel a surge of power!
You freeze the phantom.
The phantom resists.
The phantom hits you.
Unknown command.
Casting: Freeze (safe; 1% risk of failure)
Confirm with . or Enter, or press ? or * to list all spells.
Aiming: Freeze (safe; 1% risk of failure)
Press: ? - help, Shift-Dir - straight line, f/p - phantom
Aim: a phantom (lava, lightly damaged)
You feel a surge of power!
You freeze the phantom but do no damage.
The phantom completely resists.
The phantom hits you.
The phantom blinks!
You blink.
Casting: Freeze (safe; 1% risk of failure)
Confirm with . or Enter, or press ? or * to list all spells.
Aiming: Freeze (safe; 1% risk of failure)
Press: ? - help, Shift-Dir - straight line, f/p - phantom
Aim: a phantom (lightly damaged)
You feel a surge of power!
You freeze the phantom.
The phantom resists.
The phantom closely misses you.
Casting: Freeze (safe; 1% risk of failure)
Confirm with . or Enter, or press ? or * to list all spells.
Aiming: Freeze (safe; 1% risk of failure)
Press: ? - help, Shift-Dir - straight line, f/p - phantom
Aim: a phantom (moderately damaged)
You feel a surge of power!
You freeze the phantom.
The phantom resists.
The phantom misses you.
Unknown command.
You closely miss the phantom. The phantom barely misses you.
You barely miss the phantom. The phantom closely misses you.
You barely miss the phantom. The phantom closely misses you.
You hit the phantom. The phantom barely misses you.
You hit the phantom but do no damage. The phantom hits you.
The phantom blinks!
You blink.
The phantom hits you.
* * * LOW HITPOINT WARNING * * *
Why would you want to do that?
Unknown command.
You hit the phantom. The phantom hits you.
* * * LOW HITPOINT WARNING * * *
The phantom blinks!
You blink.
An endoplasm comes into view.
Why would you want to do that?
You barely miss the phantom.
The endoplasm quivers.
The phantom hits you.
* * * LOW HITPOINT WARNING * * *
The phantom blinks!
You blink.
You hit the phantom.
The phantom hits you but does no damage.
You closely miss the phantom. The phantom hits you.
* * * LOW HITPOINT WARNING * * *
The phantom blinks!
You blink.
The phantom hits you.
* * * LOW HITPOINT WARNING * * *
The phantom blinks!
You blink.
You barely miss the phantom. The phantom hits you.
You die...

Skill      XL: |  1  2  3  4  5 |
---------------+----------------+-----
Spellcasting   | 2 3 |  3.0
Dodging        | 2 |  2.1
Ice Magic      | 5 6 |  6.3
Fighting       | |  0.6
Stealth        | |  2.5

Action                   |  1- 3 |  4- 6 || total
-------------------------+-------+-------++-------
Melee: Unarmed           |    88 |     6 ||    94
       Punch             |     1 |     1 ||     2
       Staff             |       |    50 ||    50
 Fire: Sling             |     8 |       ||     8
 Cast: Freeze            |    45 |    25 ||    70
       Ozocubu's Armour  |       |     1 ||     1
       Frozen Ramparts   |       |     1 ||     1
  Use: Potion            |       |     3 ||     3
 Stab: Sleeping          |     3 |     2 ||     5
       Invisible         |       |     2 ||     2
Armor: Robe              |    17 |    17 ||    34
Dodge: Dodged            |    71 |    32 ||   103

Levels and vault maps discovered:
D:1:      elethiomel_arrival_diamonds, layout_loops_cross,
          shapermc_ecumenical_altar_mp_vishouse, kennysheep_crisscross
D:2:      layout_rooms, minmay_tromino_v7
D:3:      layout_rooms
D:4:      layout_cave_pools, nicolae_uskayaw_suspiria, roderic_lattice_a,
          hangedman_decor_growths, uniq_eustachio

Notes
Turn   | Place    | Note
-------+----------+-------------------------------------------
     0 | D:1      | Sobieck the Ghoul Ice Elementalist began the quest for the
                  | Orb.
     0 | D:1      | Reached XP level 1. HP: 14/14 MP: 2/2
   283 | D:1      | Reached skill level 2 in Spellcasting
   283 | D:1      | Reached XP level 2. HP: 19/20 MP: 0/4
   651 | D:1      | Reached skill level 2 in Dodging
   834 | D:1      | Found a faded altar of an unknown god.
  1072 | D:2      | Reached XP level 3. HP: 27/27 MP: 5/5
  1076 | D:2      | Learned a level 3 spell: Frozen Ramparts
  1765 | D:2      | Reached skill level 5 in Ice Magic
  1765 | D:2      | Reached XP level 4. HP: 34/34 MP: 0/6
  1918 | D:2      | Identified the amulet of Eqapan {Spirit rN++}
  2007 | D:3      | Learned a level 3 spell: Ozocubu's Armour
  2205 | D:3      | Noticed an ice beast
  2355 | D:3      | HP: 2/34 [something/magic dart (8)]
  2367 | D:3      | Reached XP level 5. HP: 28/39 MP: 0/8
  2380 | D:3      | Reached skill level 6 in Ice Magic
  2387 | D:3      | Reached skill level 3 in Spellcasting
  2810 | D:4      | Noticed a phantom
  2814 | D:4      | Found a hide-covered altar of Uskayaw.
  2830 | D:4      | HP: 9/39 [phantom (2)]
  2831 | D:4      | HP: 4/39 [phantom (5)]
  2832 | D:4      | Slain by a phantom

Vanquished Creatures
  An orc priest (D:3)
  An iguana (D:4)
  2 orc wizards (D:3)
  3 adders
  A dart slug (D:3)
  5 orcs (D:3)
  3 ball pythons
  7 endoplasms
  A giant cockroach (D:1)
  5 goblins
  7 hobgoblins
  2 kobolds
  2 quokkas (D:2)
  4 bats
  5 frilled lizards
  10 rats
59 creatures vanquished.

Table legend:
 A = Non-vault XP
 B = Vault XP
 C = Vault XP percentage of total XP
 D = Non-vault monster count
 E = Vault monster count
 F = Vault count percentage of total count
                 A         B        C        D         E       F
            +---------+---------+-------+---------+---------+-------
      Total |     269 |      13 |   4.6 |      50 |       9 |  15.3
            +---------+---------+-------+---------+---------+-------
        D:1 |      26 |       9 |  25.7 |      16 |       7 |  30.4
        D:2 |      45 |       4 |   8.2 |      13 |       2 |  13.3
        D:3 |     159 |       0 |   0.0 |      19 |       0 |   0.0
        D:4 |      39 |       0 |   0.0 |       2 |       0 |   0.0
            +---------+---------+-------+---------+---------+-------

Illustrated notes

Table legend:
 A = Kills in this place as a percentage of kills in entire the game.
 B = Kills by you in this place as a percentage of kills by you in the entire game.
 C = Kills by friends in this place as a percentage of kills by friends in the entire game.
 D = Other kills in this place as a percentage of other kills in the entire game.
 E = Experience gained in this place as a percentage of experience gained in the entire game.
 F = Experience gained in this place divided by the number of levels of this place that you have seen.
                   A       B       C       D       E      F
               +-------+-------+-------+-------+-------+----------------------
         Total | 100.0 | 100.0 |   N/A |   N/A | 100.0 |  70.5
       Dungeon | 100.0 | 100.0 |   N/A |   N/A | 100.0 |  70.5
               +-------+-------+-------+-------+-------+----------------------

Table legend: (Time is in decaauts)
 A = Elapsed time spent in this place.
 B = Non-inter-level travel time spent in this place.
 C = Inter-level travel time spent in this place.
 D = Time resting spent in this place.
 E = Time spent auto-exploring this place.
 F = Levels seen in this place.
 G = Mean time per level.
                   A        B        C        D        E       F      G
               +--------+--------+--------+--------+--------+-----+--------+
         Total |   2838 |   2818 |     20 |    228 |   2054 |   4 |  709.5 |
       Dungeon |   2838 |   2818 |     20 |    228 |   2054 |   4 |  709.5 |
               +--------+--------+--------+--------+--------+-----+--------+

Top non-repeatable levels by time:
     D:1: 1207 daAuts
     D:2: 756 daAuts
     D:3: 736 daAuts
     D:4: 137 daAuts
